 Dungeon Crawl Stone Soup version 0.22-a0-40-g3d2f077 (webtiles) character file.

73 Gorice the Skirmisher (level 4, -4/44 HPs)
             Began as a Hill Orc Wanderer on Jan 4, 2018.
             Slain by Grinder (5 damage)
             ... while paralysed by Grinder
             ... on level 3 of the Dungeon.
             The game lasted 00:06:26 (2055 turns).

Gorice the Skirmisher (Hill Orc Wanderer)           Turns: 2055, Time: 00:06:27

Health: -4/44      AC:  5    Str: 14    XL:     4   Next: 27%
Magic:  4/4        EV:  2    Int: 10    God:
Gold:   100        SH:  0    Dex: 13    Spells: 3/3 levels left

rFire    . . .     SeeInvis .   a - +2 dagger
rCold    . . .     Gourm    .   (no shield)
rNeg     . . .     Faith    .   g - +0 ring mail
rPois    .         Spirit   .   (no helmet)
rElec    .         Reflect  .   (no cloak)
rCorr    .         Harm     .   (no gloves)
MR       .....                  (no boots)
Stlth    ++........             (no amulet)
HPRegen  0.14/turn              (no ring)
MPRegen  0.09/turn              j - ring of stealth

@: paralysed
A: no striking features
a: no special abilities


You were on level 3 of the Dungeon.
You were hungry.

You visited 1 branch of the dungeon, and saw 3 of its levels.

You collected 100 gold pieces.

Inventory:

Hand Weapons
 a - a +2 dagger (weapon)
 c - a +0 spear
 i - a +0 flail
Missiles
 k - 31 sling bullets
 X - 5 tomahawks of dispersal
 Y - 70 stones (quivered)
 Z - a throwing net
Armour
 e - a +0 robe
 g - a +0 ring mail (worn)
Jewellery
 j - a ring of stealth (right hand)
Scrolls
 h - a scroll of remove curse
 m - 3 scrolls of teleportation {!r}
Potions
 b - a potion of heal wounds {!q}
 d - a potion of lignification {!q}
 l - a potion of resistance {unknown}
 o - a potion of curing {unknown}
 p - a potion of flight {unknown}
 t - 2 potions of agility {!q}
Comestibles
 f - 6 rations


   Skills:
 - Level 6.0 Fighting
 - Level 1.1 Polearms
 - Level 1.0 Throwing
 * Level 2.5 Armour
 - Level 1.0 Dodging
 - Level 2.4 Stealth


You had 3 spell levels left.
You didn't know any spells.

Dungeon Overview and Level Annotations

Branches:
Dungeon (3/15)

Altars:
Ashenzari

Annotations:
D:3 Grinder


Message History

Grinder hits you but does no damage.
You closely miss Grinder. Grinder hits you but does no damage.
You aren't carrying any items that you can evoke without wielding.
Fire/throw which item? (* to show all) (? for menu, Esc to quit)
Press: ? - help, Shift-Dir - straight line, f - Grinder
Aim: Grinder You throw a throwing net.
The throwing net closely misses Grinder.
Grinder hits you.
Damage: 5 (max 5)
You hit Grinder.
Grinder is lightly wounded.
Grinder closely misses you.
You hit Grinder.
Grinder is lightly wounded.
Grinder hits you but does no damage.
You hit Grinder.
Grinder is lightly wounded.
Grinder hits you.
Damage: 5 (max 5)
You closely miss Grinder.
Grinder is lightly wounded.
Grinder hits you!
Damage: 6 (max 6)
You hit Grinder.
Grinder is lightly wounded.
Grinder completely misses you.
You hit Grinder.
Grinder is moderately wounded.
Grinder closely misses you.
You hit Grinder.
Grinder is moderately wounded.
Grinder hits you.
* * * LOW HITPOINT WARNING * * *
You writhe in agony.
* * * LOW HITPOINT WARNING * * *
Damage: 12 (max 12) Grinder gestures at you.
You suddenly lose the ability to move!
Grinder gestures at you.
You shrug off the repeated paralysis!
Grinder hits you but does no damage. Grinder hits you.
* * * LOW HITPOINT WARNING * * *
You writhe in agony.
* * * LOW HITPOINT WARNING * * *
Grinder hits you!
* * * LOW HITPOINT WARNING * * *
You writhe in agony.
You die...

##.#.# ##..## #...#
.....# #...# #...# #.#..#
#..## #...# .....# #..#
#.#(# #.#.## ##.## #.#.#
....# #...## #...# ...##
##....## #.###
##.####.##...#..#######.#
................@5......#
##......########.......##
######## #########


You could see Grinder.

Vanquished Creatures
  Jessica (D:2)
  An adder (D:3)
  2 worms
  A dart slug (D:1)
  A leopard gecko (D:3)
  2 giant cockroaches
  6 hobgoblins
  2 jackals (D:1)
  4 bats
  4 frilled lizards
  4 kobolds (D:1)
  3 rats
31 creatures vanquished.

Notes
Turn   | Place    | Note
-------+----------+-------------------------------------------
     0 | D:1      | Gorice the Hill Orc Wanderer began the quest for the Orb.
     0 | D:1      | Gorice set off with: a +2 dagger, a potion of heal wounds {!q}, a +0 spear, a potion of lignification {!q}, a +0 robe, a ration
     0 | D:1      | Reached XP level 1. HP: 22/22 MP: 1/1
    37 | D:1      | Reached skill level 5 in Fighting
   115 | D:1      | HP: 5/23 [dart slug/slug dart (5)]
   119 | D:1      | Reached XP level 2. HP: 6/29 MP: 2/2
   605 | D:1      | HP: 6/30 [hobgoblin/club (6)]
   951 | D:2      | Found a shattered altar of Ashenzari.
  1018 | D:2      | Reached XP level 3. HP: 36/37 MP: 3/3
  1209 | D:2      | Found a faded altar of an unknown god.
  1217 | D:2      | Noticed Jessica
  1276 | D:2      | Killed Jessica
  1276 | D:2      | Reached skill level 6 in Fighting
  1276 | D:2      | Reached skill level 1 in Armour
  1611 | D:3      | Reached skill level 2 in Armour
  1620 | D:3      | Reached XP level 4. HP: 36/44 MP: 4/4
  2030 | D:3      | Noticed Grinder
  2050 | D:3      | Paralysed by Grinder for 6 turns
  2054 | D:3      | HP: 12/44 [Grinder (6)]
  2055 | D:3      | HP: 1/44 [Grinder (7)]
  2055 | D:3      | Slain by Grinder

Vault maps used:
D:1:      eino_arrival_water_cross, hangedman_decor_points
D:2:      ashenzari_conservatory_becter, chequers_ecumenical_altar_island,
          first_ration, uniq_jessica
D:3:      lemuel_coloured_pillars_altar, serial_co_window_serial,
          co_window_of_opportunity_a, co_window_paths_a, co_window_paths_b,
          co_window_of_opportunity_a, co_window_paths_a, co_window_corner_ca,
          co_window_of_opportunity_c, co_window_of_opportunity_b,
          co_window_of_opportunity_b, co_window_of_opportunity_c,
          co_window_of_opportunity_c, co_window_paths_e, glass_columns_a,
          uniq_grinder

Skill      XL: |  1  2  3 |
---------------+----------+-----
Fighting       | 5 6 |  6.0
Armour         | 2 |  2.5
Polearms       | |  1.1
Throwing       | |  1.0
Dodging        | |  1.0
Stealth        | |  2.4

Action                   |  1- 3 |  4- 6 || total
-------------------------+-------+-------++-------
Melee: Dagger            |   103 |    31 ||   134
       Spear             |     3 |       ||     3
Throw: Stone             |     5 |       ||     5
       Throwing net      |       |     1 ||     1
  Use: Scroll            |     6 |       ||     6
 Stab: Sleeping          |     2 |     1 ||     3
       Distracted        |       |     1 ||     1
  Eat: Chunk             |     2 |     1 ||     3
Armor: Robe              |    18 |       ||    18
       Ring mail         |    15 |     7 ||    22
Dodge: Dodged            |    48 |    11 ||    59

Table legend:
 A = Spawn XP
 B = Non-spawn XP
 C = Spawn XP percentage of total XP
 D = Spawn monster count
 E = Non-spawn monster count
 F = Spawn count percentage of total count
 G = Total turns spent on level
                    A         B        C        D         E        F      G
               +---------+---------+-------+---------+---------+-------+---------
         Total |       0 |     105 |   0.0 |       0 |      31 |   0.0 |  2055
               +---------+---------+-------+---------+---------+-------+---------
           D:1 |       0 |      30 |   0.0 |       0 |      18 |   0.0 |   914
           D:2 |       0 |      48 |   0.0 |       0 |       6 |   0.0 |   619
           D:3 |       0 |      27 |   0.0 |       0 |       7 |   0.0 |   522
               +---------+---------+-------+---------+---------+-------+---------

Table legend:
 A = Turns spent in this place as a percentage of turns spent in the entire game.
 B = Non-inter-level travel turns spent in this place as a percentage of non-inter-level travel turns spent in the entire game.
 C = Inter-level travel turns spent in this place as a percentage of turns spent in this place.
 D = Turns resting spent in this place as a percentage of non-inter-level travel turns spent in this place.
 E = Turns spent auto-exploring this place as a percentage of non-inter-level travel turns spent in this place.
 F = Non-inter-level travel turns spent in this place divided by the number of levels of this place that you've seen.
                   A       B       C       D       E      F
               +-------+-------+-------+-------+-------+----------------------
         Total | 100.0 | 100.0 |   2.1 |  23.6 |  44.4 | 670.7
       Dungeon | 100.0 | 100.0 |   2.1 |  23.6 |  44.4 | 670.7
               +-------+-------+-------+-------+-------+----------------------

Vault maps used:
D:1:      eino_arrival_water_cross, hangedman_decor_points
D:2:      ashenzari_conservatory_becter, chequers_ecumenical_altar_island,
          first_ration, uniq_jessica
D:3:      lemuel_coloured_pillars_altar, serial_co_window_serial,
          co_window_of_opportunity_a, co_window_paths_a, co_window_paths_b,
          co_window_of_opportunity_a, co_window_paths_a, co_window_corner_ca,
          co_window_of_opportunity_c, co_window_of_opportunity_b,
          co_window_of_opportunity_b, co_window_of_opportunity_c,
          co_window_of_opportunity_c, co_window_paths_e, glass_columns_a,
          uniq_grinder
